 Dungeon Crawl Stone Soup version 0.28.0-45-g0d030f2227 (webtiles) character file.

Game seed: 4526241832022729421

2073 CryoSword the Covert (level 9, -13/44 HPs)
             Began as a Vine Stalker Enchanter on Apr 1, 2022.
             Was an Initiate of Dithmenos.
             Shot with a sling bullet by Joseph (14 damage)
             ... on level 7 of the Dungeon.
             The game lasted 00:10:28 (7137 turns).

CryoSword the Covert (Vine Stalker Enchanter)       Turns: 7137, Time: 00:10:28

Health: -13/44     AC:  4    Str: 15    XL:     9   Next: 26%
Magic:  0/16       EV: 13    Int: 17    God:    Dithmenos [......]
Gold:   318        SH:  0    Dex: 16    Spells: 5/16 levels left

rFire   . . .      SeeInvis .   w - +4 dagger (venom)
rCold   + . .      Faith    .   (no shield)
rNeg    . . .      Spirit   +   b - +0 robe
rPois   .          Reflect  .   y - +0 helmet
rElec   .          Harm     .   (no cloak)
rCorr   .          Rampage  .   j - +0 pair of gloves {Str+3}
Will    +....                   (no boots)
Stlth   ++++......              l - amulet of regeneration
HPRegen 1.74/turn               k - ring of protection from cold
MPRegen 0.15/turn               (no ring)

@: no status effects
A: fangs 3, regeneration 1, magic shield, antimagic bite, no potion heal 2
a: Renounce Religion


You were on level 7 of the Dungeon.
You worshipped Dithmenos.
Dithmenos was noncommittal.
You visited 2 branches of the dungeon, and saw 9 of its levels.

You collected 318 gold pieces.

Inventory:

Hand Weapons
 a - a +0 rapier
   (You found it on level 1 of the Dungeon)
 w - a +4 dagger of venom (weapon)
   (You took it off Ijyb on level 4 of the Dungeon)
Missiles
 g - 2 throwing nets (quivered)
 n - 2 poisoned darts
Armour
 b - a +0 robe (worn)
 j - a +0 pair of gloves of strength (worn)
   (You found it on level 2 of the Dungeon)
 y - a +0 helmet (worn)
   (You found it on level 5 of the Dungeon)
Jewellery
 k - a ring of protection from cold (left hand)
   (You found it on level 3 of the Dungeon)
 l - an amulet of regeneration (around neck)
   (You found it on level 3 of the Dungeon)
Wands
 u - a wand of flame (27)
   (You found it on level 5 of the Dungeon)
 E - a wand of iceblast (8)
   (You found it on level 6 of the Dungeon)
Scrolls
 d - a scroll of holy word {unknown}
 f - 7 scrolls of identify {unknown}
 h - 5 scrolls of teleportation {unknown}
 o - a scroll of silence {unknown}
 q - a scroll of fear {unknown}
 r - a scroll of enchant armour {unknown}
 t - a scroll of brand weapon {unknown}
 x - a scroll of summoning {unknown}
 B - a scroll of vulnerability {unknown}
 C - a scroll of acquirement {unknown}
 D - 2 scrolls of amnesia {unknown}
Potions
 c - 4 potions of degeneration {unknown}
 e - 3 potions of ambrosia {unknown}
 i - 2 potions of resistance {unknown}
 m - a potion of invisibility
 p - 3 potions of curing {unknown}
 s - a potion of heal wounds {unknown}
 v - a potion of brilliance {unknown}
 z - 3 potions of mutation {unknown}
 A - a potion of lignification {unknown}


   Skills:
 + Level 3.3 Fighting
 * Level 5.0 Short Blades
 + Level 3.4 Dodging
 * Level 8.0 Stealth
 + Level 4.3 Spellcasting
 * Level 6.3 Hexes
 - Level 2.0 Ice Magic


You had 5 spell levels left.
You knew the following spells:

 Your Spells              Type           Power      Damage    Failure   Level
a - Ensorcelled Hibernat  Hex/Ice        34%        N/A       4%          2
b - Confusing Touch       Hex            25%        N/A       3%          3
c - Tukima's Dance        Hex            25%        N/A       3%          3
d - Dazzling Flash        Conj/Hex       28%        N/A       13%         3

Your spell library contained the following spells:

 Spells                   Type           Power      Damage    Failure   Level
 Shock                    Conj/Air       12%        1d3       16%         1
 Sublimation of Blood     Necr           3%         N/A       22%         2
 Wereblood                Tmut           3%         N/A       22%         2
 Swiftness                Air            3%         N/A       41%         3
 Airstrike                Air            1%         N/A       83%         4
 Summon Hydra             Summ           1%         N/A       100%        7
 Chain Lightning          Conj/Air       1%         3d2       100%        9
 Fire Storm               Conj/Fire      1%         8d1       100%        9
 Shatter                  Erth           1%         3d6*      100%        9


Dungeon Overview and Level Annotations

Branches:
Dungeon (8/15)             Temple (1/1) D:6
   Lair: D:8-11

Altars:
Ashenzari
Dithmenos
Elyvilon
Hepliaklqana
Kikubaaqudgha
Makhleb
Okawaru
Ru
Sif Muna
Trog
Vehumet
Wu Jian
Yredelemnul
Zin

Annotations:
D:7 Joseph


Innate Abilities, Weirdness & Mutations

You have razor-sharp teeth.
Your natural rate of healing is unusually fast.
When hurt, damage is shared between your health and your magic reserves.
Your bite disrupts and absorbs the magic of your enemies.
Potions cannot restore your health.


Message History

Your Hexes skill increases to level 6!
You have reached level 9!
Your experience leads to an increase in your attributes!
Your base attributes are Str 10, Int 17, Dex 16.
Increase (S)trength, (I)ntelligence, or (D)exterity?
You feel stronger. x2
Things that are here:
a +0 giant club; an ogre corpse You see here a troll corpse.
A sky beast comes into view.
A sky beast is nearby!
A sky beast is nearby!
Aim: a sky beast (chance to affect: 50%)
The sky beast resists with some effort.
Aim: a sky beast (chance to affect: 50%)
The sky beast resists with some effort.
The sky beast hits you but does no damage.
Aim: a sky beast (chance to affect: 50%)
The sky beast looks drowsy...
The helpless sky beast fails to defend itself.
You stick the sky beast like a pincushion!!!
You kill the sky beast!
Dithmenos accepts your kill.
You now have 286 gold pieces (gained 16).
A bullfrog comes into view.
The bullfrog croaks.
You see here a sky beast corpse.
A bullfrog is nearby!
A bullfrog is nearby!
Aim: a bullfrog (chance to affect: 50%)
The bullfrog looks drowsy...
The helpless bullfrog fails to defend itself.
You spit the bullfrog like a pig!!!
You kill the bullfrog!
Dithmenos accepts your kill.
There is an open door here.
There is an open door here.
D - a scroll labelled MORPHI RESUA An ogre comes into view.
It is wielding a +0 giant club.
An ogre is nearby!
An ogre is nearby!
The ogre misses you.
Aim: an ogre, wielding a +0 giant club (chance to affect: 50%)
The ogre resists with some effort.
The ogre hits you with a +0 giant club!!
Ouch! That really hurt!
* * * LOW HITPOINT WARNING * * *
Aim: an ogre, wielding a +0 giant club (chance to affect: 50%)
The ogre looks drowsy...
The helpless ogre fails to defend itself.
You spit the ogre like a pig!!!
You kill the ogre!
Dithmenos accepts your kill.
Your Short Blades skill increases to level 5!
Your Stealth skill increases to level 8!
Found 17 sling bullets.
D - 2 scrolls labelled MORPHI RESUA (gained 1)
You see here 17 sling bullets.
h - 5 scrolls labelled LUROCU TOERE (gained 1)
You now have 293 gold pieces (gained 7).
Found a long sword.
You see here a +0 long sword.
Found a battleaxe.
You now have 308 gold pieces (gained 15).
E - a wand of iceblast (8)
f - 7 scrolls labelled TUET PUYGRA (gained 1)
You now have 318 gold pieces (gained 10).
Key pressed, stopping explore.
Found an ancient bone altar of Kikubaaqudgha.
You see here 17 sling bullets.
You see here a +0 battleaxe.
Key pressed, stopping explore.
You see here 17 sling bullets.
Done exploring.
Done exploring.
Done exploring.
There is a stone staircase leading down here.
You climb downwards.
There is a stone staircase leading up here.
You climb upwards.
There is a stone staircase leading down here.
You climb downwards.
There is a stone staircase leading up here.
A howler monkey zombie is nearby!
A howler monkey zombie is nearby!
That would be overly suicidal.
Okay, then.
Unknown command.
Your hands begin to glow red.
A centaur comes into view.
The centaur shouts!
You hit the howler monkey zombie but do no damage.
Your bite misses the howler monkey zombie.
The howler monkey zombie hits you but does no damage.
You hit the howler monkey zombie but do no damage.
You hit the howler monkey zombie but do no damage.
You bite the howler monkey zombie. You drain its power.
You feel invigorated.
The howler monkey zombie hits you but does no damage.
A shadow imp comes into view.
You barely miss the howler monkey zombie.
The shadow imp shouts!
You bite the howler monkey zombie! You drain its power.
You feel invigorated.
The howler monkey zombie barely misses you.
You hit the howler monkey zombie but do no damage.
The howler monkey zombie appears confused.
You bite the howler monkey zombie! You drain its power.
You hit the howler monkey zombie. You bite the howler monkey zombie.
You destroy the howler monkey zombie!
Dithmenos accepts your kill.
The centaur wields a +0 shortbow.
The centaur shoots an arrow.
The arrow hits you!
Aim: a centaur, wielding a +0 shortbow and quivering arrows (chance to affect: 50%)
The centaur resists with some effort.
The centaur shoots an arrow.
The arrow closely misses you.
You hear a shout!
The centaur unwields a +0 shortbow.
The centaur hits you. The centaur barely misses you.
Joseph, a Mercenary comes into view.
He is wielding a +1 vorpal quarterstaff.
The centaur wields a +0 shortbow.
The centaur shoots an arrow.
The arrow closely misses you.
The shadow imp laughs crazily.
The centaur shoots an arrow.
The arrow hits you.
The centaur shoots an arrow.
The arrow misses you. The shadow imp gestures at you.
You resist with significant effort.
The centaur shoots an arrow.
The arrow hits you!
The centaur shoots an arrow.
The arrow closely misses you.
The centaur shoots an arrow.
The arrow barely misses you. The shadow imp gestures at you.
Pain shoots through your body!
You hear an angry hiss.
Joseph unwields a +1 vorpal quarterstaff.
Joseph wields a +0 hunting sling.
Joseph shoots a sling bullet.
The sling bullet hits you!
* * * LOW HITPOINT WARNING * * *
You see here a +0 dagger.
Joseph shoots a sling bullet.
The sling bullet completely misses you.
The centaur shoots an arrow.
The arrow hits you!
* * * LOW HITPOINT WARNING * * *
Joseph shoots a sling bullet.
The sling bullet hits you.
* * * LOW HITPOINT WARNING * * *
The centaur shoots an arrow.
The arrow hits you!
* * * LOW HITPOINT WARNING * * *
The shadow imp gestures at you. You resist with significant effort.
There is a stone staircase leading up, spattered with blood here.
The centaur shoots an arrow.
The arrow hits you.
* * * LOW HITPOINT WARNING * * *
Joseph shoots a sling bullet.
The sling bullet hits you!
You die...

#.. ##.#####.....#
#######.# #.....#
#.......######<####
#.#.#(.........#
#.#.#.)........#
#.#.#..........### #
#...#..........#.###.##
#####..###..c..#.......
#......@...5...........
#.##......)............
#.###..###....@........
#.###......###.......#.
#......##### ######..#
######.# ... ### ..


You could see Joseph, a centaur and a shadow imp.

Vanquished Creatures
  A troll (D:6)
  Sigmund (D:3)
  A steam dragon (D:4)
  Menkaure (D:6)
  A sky beast (D:6)
  A black bear (D:6)
  An ice beast (D:5)
  2 ogres (D:6)
  A bullfrog (D:6)
  6 scorpions
  A howler monkey (D:4)
  2 hounds
  A jelly (D:6)
  A centaur skeleton (D:5)
  3 iguanas
  A scorpion zombie (D:5)
  Ijyb (D:4)
  2 orc wizards (D:3)
  A killer bee zombie (D:6)
  A hound skeleton (D:5)
  A howler monkey zombie (D:7)
  3 adders
  6 gnolls
  A white imp (D:5)
  2 ufetubi
  3 dart slugs
  11 orcs
  13 endoplasms
  3 giant cockroaches
  6 goblins
  7 hobgoblins
  4 jackals (D:5)
  6 kobolds
  A quokka (D:3)
  5 ball pythons
  3 bats
  3 frilled lizards
  2 rats
110 creatures vanquished.

Notes
Turn   | Place    | Note
-------+----------+-------------------------------------------
     0 | D:1      | CryoSword the Vine Stalker Enchanter began the quest for
                  | the Orb.
     0 | D:1      | Reached XP level 1. HP: 9/9 MP: 4/4
   157 | D:1      | Reached skill level 1 in Short Blades
   460 | D:1      | Reached XP level 2. HP: 13/13 MP: 6/6
  1109 | D:2      | Learned a level 2 spell: Ensorcelled Hibernation
  1188 | D:2      | Found a faded altar of an unknown god.
  1493 | D:2      | Reached skill level 4 in Stealth
  1723 | D:2      | Reached XP level 3. HP: 16/17 MP: 2/7
  1972 | D:3      | Found a sacrificial altar of Ru.
  2039 | D:3      | Noticed Sigmund
  2057 | D:3      | Killed Sigmund
  2058 | D:3      | Reached skill level 1 in Fighting
  2058 | D:3      | Gained mutation: Your natural rate of healing is unusually
                  | fast. [Vine Stalker growth]
  2058 | D:3      | Reached XP level 4. HP: 17/22 MP: 6/9
  2058 | D:3      | Reached XP level 5. HP: 19/25 MP: 6/10
  2255 | D:2      | Reached skill level 5 in Stealth
  2448 | D:2      | Found a faded altar of an unknown god.
  2774 | D:3      | Reached XP level 6. HP: 23/30 MP: 9/11
  2778 | D:3      | Learned a level 3 spell: Confusing Touch
  2782 | D:3      | Learned a level 3 spell: Tukima's Dance
  2857 | D:3      | Found a white marble altar of Elyvilon.
  3810 | D:4      | Noticed Ijyb
  4007 | D:4      | Found a bloodstained altar of Trog.
  4381 | D:4      | Killed Ijyb
  4542 | D:4      | Identified the +2 leather armour of the Fiend {Dex+4}
  4566 | D:4      | Reached XP level 7. HP: 29/34 MP: 12/12
  4683 | D:4      | Noticed a steam dragon
  4691 | D:4      | Killed a steam dragon
  4718 | D:4      | Learned a level 3 spell: Dazzling Flash
  4980 | D:5      | Entered Level 5 of the Dungeon
  5008 | D:5      | Reached skill level 6 in Stealth
  5128 | D:5      | Reached skill level 1 in Ice Magic
  5206 | D:5      | Reached skill level 5 in Hexes
  5206 | D:5      | Gained mutation: You have razor-sharp teeth. [Vine Stalker
                  | growth]
  5206 | D:5      | Reached XP level 8. HP: 31/39 MP: 10/14
  5276 | D:5      | Found a radiant altar of Vehumet.
  5349 | D:5      | You fall into a shaft and drop 3 floors!
  5689 | D:6      | Found a glowing silver altar of Zin.
  5858 | D:5      | Reached skill level 7 in Stealth
  6103 | D:6      | Found a staircase to the Ecumenical Temple.
  6109 | Temple   | Entered the Ecumenical Temple
  6148 | Temple   | Became a worshipper of Dithmenos the Shadowed
  6318 | D:6      | Noticed Menkaure
  6333 | D:6      | Killed Menkaure
  6485 | D:6      | Noticed a troll
  6491 | D:6      | Killed a troll
  6492 | D:6      | Reached XP level 9. HP: 44/44 MP: 7/16
  6716 | D:6      | Reached skill level 5 in Short Blades
  6716 | D:6      | Reached skill level 8 in Stealth
  6953 | D:6      | Found an ancient bone altar of Kikubaaqudgha.
  7128 | D:7      | Noticed Joseph
  7137 | D:7      | HP: 1/44 [centaur/arrow (4)]
  7137 | D:7      | Shot with a sling bullet by Joseph

Illustrated notes

Levels and vault maps discovered:
D:1:      lightli_arrival_maybe_door_vault, layout_basic, serial_rivers,
          chequers_serial_rivers_large_b, chequers_serial_rivers_micro_b,
          chequers_serial_rivers_micro_d, chequers_serial_rivers_small_3,
          chequers_serial_rivers_marsh, minmay_misc_feat_iff
D:2:      layout_loops_ring, ebering_ecumenical_altar_abandoned
D:3:      minmay_chambers_of_twos, layout_basic, mainiacjoe_overflow_catwalk,
          mainiacjoe_overflow_boulevard, roderic_serpentine_path,
          columned_hall_lemuel, serial_bayou_pond_c, minmay_tree_intersection,
          interstate_on_off, uniq_sigmund
D:4:      layout_cave_pools, trog_hazing_becter, uniq_ijyb
D:5:      layout_gridville, vehumet_crystals, kennysheep_generic_room_14
D:6:      layout_basic, zin_scriptorium, kiku_gazebo_garden_becter,
          temple_green, chequers_serial_rivers_micro_a, uniq_menkaure
D:7:      layout_basic, uniq_joseph
D:8:      layout_loops_corners, grunt_nemelex_the_gamble, enter_bailey_2
Temple:   jpeg_temple_clearing

Skill      XL: |  1  2  3  4  5  6  7  8  9 |
---------------+----------------------------+-----
Short Blades   | 1 2 3 4 5 |  5.0
Stealth        | 4 5 6 7 8 |  8.0
Fighting       | 1 2 3 |  3.3
Dodging        | 2 3 |  3.4
Hexes          | 4 5 6 |  6.3
Spellcasting   | 3 4 |  4.3
Ice Magic      | 1 2 |  2.0

Action                   |  1- 3 |  4- 6 |  7- 9 || total
-------------------------+-------+-------+-------++-------
Melee: Dagger            |    59 |   110 |    88 ||   257
       Bite              |    12 |    13 |    37 ||    62
       Punch             |     3 |       |     1 ||     4
 Cast: Ensorcelled Hiber |     5 |    48 |    34 ||    87
       Confusing Touch   |       |       |     5 ||     5
  Use: Potion            |     1 |       |       ||     1
 Stab: Sleeping          |    11 |    36 |    22 ||    69
       Invisible         |     3 |       |       ||     3
       Distracted        |       |       |     1 ||     1
       Confused          |       |       |     1 ||     1
Armor: Robe              |     5 |    23 |    12 ||    40
Dodge: Dodged            |    30 |    56 |    59 ||   145
